 Dungeon Crawl Stone Soup version 0.26-a0-710-g95a0c6c400 (webtiles) character file.

Game seed: 7971924910611785109

75 runemasterragnar the Skirmisher (level 4, -3/31 HPs)
             Began as an Octopode Fighter on Oct 30, 2020.
             Slain by Grinder (8 damage)
             ... on level 3 of the Dungeon.
             The game lasted 00:01:36 (2008 turns).

runemasterragnar the Skirmisher (Octopode Fighter)  Turns: 2008, Time: 00:01:36

Health: -3/31      AC:  1    Str: 15    XL:     4   Next: 31%
Magic:  4/4        EV: 11    Int: 11    God:
Gold:   167        SH: 13    Dex: 11    Spells: 3/3 levels left

rFire    . . .     SeeInvis .   a - +0 long sword
rCold    . . .     Faith    .   b - +0 kite shield
rNeg     . . .     Spirit   .   (helmet restricted)
rPois    .         Reflect  +   k - amulet of reflection
rElec    .         Harm     .   (no ring)
rCorr    .         Rampage  .   (no ring)
MR       .....                  (no ring)
Stlth    +++.......             (no ring)
HPRegen  0.10/turn              (no ring)
MPRegen  0.09/turn              (no ring)
                                (no ring)
                                (no ring)

@: no status effects
A: almost no armour, stealthy swim, amphibious, 8 rings, constrict 8, camouflage
1, gelatinous body 1
a: no special abilities


You were on level 3 of the Dungeon.
You visited 1 branch of the dungeon, and saw 3 of its levels.

You collected 167 gold pieces.

Inventory:

Hand Weapons
 a - a +0 long sword (weapon)
 u - a +0 hunting sling
Missiles
 l - 7 poisoned darts (quivered)
 t - 20 sling bullets
Armour
 b - a +0 kite shield (worn)
Jewellery
 k - an amulet of reflection (around mantle)
Wands
 p - a wand of random effects (17)
Scrolls
 f - 2 scrolls of random uselessness {unknown}
 g - a scroll of noise {unknown}
 i - a scroll of amnesia {unknown}
 j - 2 scrolls of remove curse
 n - a scroll of identify
 q - a scroll of blinking {unknown}
 r - a scroll of enchant weapon {unknown}
Potions
 c - a potion of might
 d - a potion of invisibility {unknown}
 e - 2 potions of stabbing {unknown}
 h - a potion of curing {unknown}
 m - a potion of lignification {unknown}
 o - a potion of mutation {unknown}
 s - 2 potions of heal wounds {unknown}


   Skills:
 + Level 3.3 Fighting
 * Level 2.7 Long Blades
 + Level 1.0 Throwing
 + Level 3.2 Dodging
 + Level 1.6 Stealth
 + Level 3.3 Shields
 + Level 1.0 Unarmed Combat


You had 3 spell levels left.
You didn't know any spells.
Your spell library was empty.

Dungeon Overview and Level Annotations

Branches:
Dungeon (3/15)

Altars:
Cheibriados
Xom
Yredelemnul

Annotations:
D:3 Grinder


Innate Abilities, Weirdness & Mutations

You cannot wear most types of armour.
You are very stealthy in the water. (Stealth+)
You are amphibious.
You can wear up to eight rings at the same time.
You can use your tentacles to constrict eight enemies at once.
Your skin changes colour to match your surroundings (Stealth+).
Your rubbery body absorbs attacks. (AC +1, EV +1)


Message History

Grinder is moderately wounded.
You constrict Grinder. Grinder hits you!
* * * LOW HITPOINT WARNING * * *
You are too injured to fight recklessly!
Unknown command.
You hit Grinder but do no damage.
Grinder is moderately wounded.
You constrict Grinder. Grinder closely misses you. You block Grinder's attack.
Unknown command.
You hit Grinder.
Grinder is heavily wounded.
You constrict Grinder. Grinder gestures at you. Pain shoots through your body!
* * * LOW HITPOINT WARNING * * *
Unknown command.
You hit Grinder but do no damage.
Grinder is heavily wounded.
You constrict Grinder! Grinder hits you!
You die...

#.# # #.# #.#
#.# ## # #.#
. .## #.#
.#.(.#
#.##.....#
#.........
#.@.......
#.....5......
#.##.........
# #...[.....
..........
.........(.
#..........
#..........


You could see Grinder.

Vanquished Creatures
  2 adders (D:2)
  2 oozes
  A worm (D:2)
  2 dart slugs
  2 leopard geckos
  A ball python (D:1)
  2 giant cockroaches (D:1)
  5 goblins
  3 hobgoblins
  3 jackals (D:2)
  6 kobolds
  7 bats
  A frilled lizard (D:2)
  4 rats (D:1)
41 creatures vanquished.

Notes
Turn   | Place    | Note
-------+----------+-------------------------------------------
     0 | D:1      | runemasterragnar the Octopode Fighter began the quest for
                  | the Orb.
     0 | D:1      | Reached XP level 1. HP: 16/16 MP: 1/1
    73 | D:1      | Reached XP level 2. HP: 11/21 MP: 2/2
   624 | D:1      | Reached XP level 3. HP: 18/26 MP: 3/3
  1081 | D:2      | Reached skill level 1 in Stealth
  1279 | D:2      | Reached skill level 1 in Unarmed Combat
  1434 | D:2      | Reached XP level 4. HP: 31/31 MP: 4/4
  1516 | D:2      | Reached skill level 1 in Throwing
  1966 | D:3      | Found a shimmering altar of Xom.
  1966 | D:3      | Found a shimmering altar of Xom.
  1967 | D:3      | Found a shimmering altar of Xom.
  1968 | D:3      | Found a shimmering altar of Xom.
  1968 | D:3      | Found a shimmering altar of Xom.
  1982 | D:3      | Found a basalt altar of Yredelemnul.
  1982 | D:3      | Found a snail-covered altar of Cheibriados.
  1999 | D:3      | Noticed Grinder
  2008 | D:3      | Slain by Grinder

Illustrated notes

Levels and vault maps discovered:
D:1:      dpeg_arrival_rhombus, layout_basic, chequers_mini_garden,
          minmay_unequal
D:2:      layout_loops_ring, chequers_serial_rivers_marsh
D:3:      layout_basic, grunt_temple_overflow_open, xom_redecorated,
          uniq_grinder

Skill      XL: |  1  2  3  4 |
---------------+-------------+-----
Stealth        | 1 |  1.6
Unarmed Combat | 1 |  1.0
Throwing       | 1 |  1.0
Fighting       | |  3.3
Long Blades    | |  2.7
Dodging        | |  3.2
Shields        | |  3.3

Action                   |  1- 3 |  4- 6 || total
-------------------------+-------+-------++-------
Melee: Long sword        |    50 |    16 ||    66
       Constrict         |    13 |     3 ||    16
       Tentacles         |     9 |     4 ||    13
  Use: Scroll            |       |     2 ||     2
 Stab: Sleeping          |     6 |     3 ||     9
Armor: Skin              |     4 |     1 ||     5
Dodge: Dodged            |    17 |     4 ||    21
Block: Kite shield       |    19 |     6 ||    25
       Rpst.: Long sword |     4 |       ||     4

Table legend: (Time is in decaauts)
 A = Elapsed time spent in this place.
 B = Non-inter-level travel time spent in this place.
 C = Inter-level travel time spent in this place.
 D = Time resting spent in this place.
 E = Time spent auto-exploring this place.
 F = Levels seen in this place.
 G = Mean time per level.
                   A        B        C        D        E       F      G
               +--------+--------+--------+--------+--------+-----+--------+
         Total |   2032 |   1819 |    213 |      0 |   1587 |   3 |  677.3 |
       Dungeon |   2032 |   1819 |    213 |      0 |   1587 |   3 |  677.3 |
               +--------+--------+--------+--------+--------+-----+--------+

Top non-repeatable levels by time:
     D:1: 1002 daAuts
     D:2: 960 daAuts
     D:3: 68 daAuts
